 Dungeon Crawl Stone Soup version 0.23.2-1-ga50397a (webtiles) character file.

Game seed: 12853803211424466523

154 aefrtyi the Gusty (level 5, -5/41 HPs)
             Began as a Draconian Air Elementalist on June 1, 2019.
             Slain by Crazy Yiuf
             ... wielding a +3 quarterstaff of chaos
              (11 damage)
             ... on level 2 of the Dungeon.
             The game lasted 00:08:48 (3022 turns).

aefrtyi the Gusty (Draconian Air Elementalist)      Turns: 3022, Time: 00:08:49

Health: -5/41      AC:  5    Str: 11    XL:     5   Next: 13%
Magic:  2/9        EV: 12    Int: 16    God:
Gold:   165        SH:  0    Dex: 11    Spells: 4/10 levels left

rFire    . . .     SeeInvis .   d - +0 dagger
rCold    . . .     Gourm    .   (no shield)
rNeg     . . .     Faith    .   (armour unavailable)
rPois    .         Spirit   .   (helmet restricted)
rElec    .         Reflect  .   (no cloak)
rCorr    .         Harm     .   (no gloves)
MR       .....                  (no boots)
Stlth    ++........             (no amulet)
HPRegen  0.13/turn              (no ring)
MPRegen  0.11/turn              (no ring)

@: lightly drained
A: unfitting armour, cold-blooded, AC +5
a: no special abilities


You were on level 2 of the Dungeon.
You were not hungry.

You visited 1 branch of the dungeon, and saw 2 of its levels.

You collected 165 gold pieces.

Inventory:

Hand Weapons
 d - a +0 dagger (weapon)
Scrolls
 a - a scroll of blinking {unknown}
 c - 4 scrolls of identify {unknown}
 e - a scroll of enchant armour {unknown}
 f - a scroll of enchant weapon {unknown}
 g - a scroll of magic mapping {unknown}
 m - a scroll of immolation {unknown}
 o - a scroll of teleportation {unknown}
Potions
 h - a potion of ambrosia {unknown}
 i - a potion of heal wounds {unknown}
 j - a potion of flight {unknown}
 k - a potion of mutation {unknown}
 l - 2 potions of curing {unknown}
 n - a potion of lignification {unknown}
Comestibles
 b - 2 rations


   Skills:
 + Level 1.9(1.6) Fighting
 - Level 1.7(1.4) Dodging
 + Level 2.6(2.3) Stealth
 * Level 3.3(3.0) Spellcasting
 + Level 2.1(1.8) Conjurations
 + Level 3.5(3.2) Air Magic


You had 4 spell levels left.
You knew the following spells:

 Your Spells              Type           Power        Failure   Level  Hunger
a - Shock                 Conj/Air       ##..         7%          1    #......
b - Swiftness             Chrm/Air       #.......     14%         2    ##.....
c - Static Discharge      Conj/Air       ##......     21%         3    ###....

Your spell library contained the following spells:

 Spells                   Type           Power        Failure   Level  Hunger
 Airstrike                Air            ##........   43%         4    #####..
 Lightning Bolt           Conj/Air       ##........   88%         5    ######.


Dungeon Overview and Level Annotations

Branches:
Dungeon (2/15)

Altars:

Annotations:
D:2 Crazy Yiuf


Innate Abilities, Weirdness & Mutations

Your plain brown scales are hard. (AC +5)
You cannot fit into any form of body armour.
You are cold-blooded and may be slowed by cold attacks.


Message History

You feel sick.
There is a stone staircase leading down here.
Crazy Yiuf cries, "You leg down broken song, no?"
You feel sick.
Your magical contamination has completely faded away.
Crazy Yiuf screams, "Liver!
Nubble eyeball childish."
You feel sick.
Crazy Yiuf yells, "Paint sallow pontify!"
You feel sick.
You are no longer poisoned.
Crazy Yiuf whimpers, "Pitchfork!"
Casting: Shock (safe; 7% risk of failure)
Confirm with . or Enter, or press ? or * to list all spells.
Aiming: Shock (safe; 7% risk of failure)
Press: ? - help, Shift-Dir - straight line, f/p - Crazy Yiuf
Aim: Crazy Yiuf, wielding a +3 quarterstaff of chaos and wearing a +0 cloak (severely wounded)
The zap hits Crazy Yiuf.
Crazy Yiuf is severely wounded.
Crazy Yiuf hits you with a +3 quarterstaff of chaos!
You die...

######### ###### #........
.....############## #####........
#.##...........g@.###............
#.###############.....###........
#.## ##.................. #>.#
#.)................. ..##
#####.....>....#.... ..#
#............... #)#
#.............<. ..##♣♣ ###
#............#.< ...#P♣♣ ♣♣#..)#
#...............


You could see Crazy Yiuf.

Vanquished Creatures
  An ogre (D:1)
  Robin (D:2)
  An adder (D:2)
  A worm (D:2)
  A dart slug (D:2)
  A leopard gecko (D:2)
  4 bats
  A giant cockroach (D:2)
  13 goblins
  8 hobgoblins
  2 jackals (D:2)
  5 kobolds
  2 frilled lizards
  4 rats (D:2)
  A fungus (D:2)
46 creatures vanquished.

Notes
Turn   | Place    | Note
-------+----------+-------------------------------------------
     0 | D:1      | aefrtyi the Draconian Air Elementalist began the quest for
                  | the Orb.
     0 | D:1      | Reached XP level 1. HP: 14/14 MP: 3/3
   460 | D:1      | Reached XP level 2. HP: 22/22 MP: 1/5
   879 | D:1      | Learned a level 2 spell: Swiftness
  1011 | D:2      | Reached skill level 1 in Fighting
  1135 | D:2      | Noticed Robin
  1148 | D:2      | Noticed an ogre
  1325 | D:1      | Killed an ogre
  1325 | D:1      | Reached XP level 3. HP: 9/28 MP: 0/7
  1325 | D:1      | Reached XP level 4. HP: 12/35 MP: 0/8
  2414 | D:1      | Reached XP level 5. HP: 32/41 MP: 1/9
  2595 | D:2      | Killed Robin
  2705 | D:2      | Learned a level 3 spell: Static Discharge
  2977 | D:2      | Found a runed translucent door.
  2978 | D:2      | Noticed Crazy Yiuf
  3022 | D:2      | Slain by Crazy Yiuf

Skill      XL: |  1  2  3  4 |
---------------+-------------+-----
Stealth        | 2 |  2.6
Fighting       | 1 |  1.9
Spellcasting   | 3 |  3.3
Conjurations   | 2 |  2.1
Dodging        | |  1.7
Air Magic      | |  3.5

Action                   |  1- 3 |  4- 6 || total
-------------------------+-------+-------++-------
Melee: Dagger            |     3 |    31 ||    34
       Tailslap          |       |     7 ||     7
 Cast: Shock             |    51 |    59 ||   110
       Swiftness         |     1 |     1 ||     2
       Static Discharge  |       |     1 ||     1
  Eat: Chunk             |     1 |     5 ||     6
       Ration            |       |     1 ||     1
Armor: Skin              |       |     8 ||     8
Dodge: Dodged            |    16 |    28 ||    44
